 Dungeon Crawl Stone Soup version 0.20.1-1-g8b1a95d (webtiles) character file.

564 slacker the Basher (level 7, 0/41 HPs)
             Began as a Gargoyle Berserker on July 27, 2017.
             Was a Believer of Trog.
             Slain by an ogre
             ... wielding a +0 giant club
              (10 damage)
             ... on level 4 of the Dungeon.
             The game lasted 00:07:39 (3848 turns).

slacker the Basher (Gargoyle Berserker)             Turns: 3848, Time: 00:07:40

Health: 0/41       AC: 17    Str: 21    XL:     7   Next: 32%
Magic:  7/7        EV:  5    Int:  7    God:    Trog [**....]
Gold:   219        SH:  9    Dex: 11    Spells: 6/6 levels left

rFire    . . .     SeeInvis .   a - +0 mace
rCold    . . .     Gourm    .   k - +2 shield {reflect}
rNeg     + . .     Faith    .   r - +3 chain mail
rPois    ∞         Spirit   .   g - +0 hat
rElec    +         Reflect  +   n - +0 cloak
rCorr    .         Harm     .   (no gloves)
MR       ++...                  (no boots)
Stlth    ..........             (no amulet)
Regen    1.2/turn               (no ring)
MPRegen  0.1/turn               (no ring)

@: regenerating
A: negative energy resistance 1, electricity resistance, unbreathing,
petrification resistance, rot immunity, AC +4
a: Berserk, Trog's Hand, Burn Spellbooks, Renounce Religion


You were on level 4 of the Dungeon.
You worshipped Trog.
Trog was pleased with you.
You were not hungry.

You visited 1 branch of the dungeon, and saw 4 of its levels.

You collected 219 gold pieces.

Inventory:

Hand Weapons
 a - a +0 mace (weapon)
Missiles
 o - 4 poisoned tomahawks (quivered)
Armour
 g - a +0 hat (worn)
 k - a +2 shield of reflection (worn)
 n - a +0 cloak (worn)
 r - a +3 chain mail (worn)
Jewellery
 e - a +3 ring of evasion {unknown}
Scrolls
 b - 4 scrolls of teleportation {unknown}
 d - 6 scrolls of identify {unknown}
 i - 2 scrolls of remove curse {unknown}
 j - 2 scrolls of magic mapping {unknown}
 q - a scroll of enchant armour {unknown}
Potions
 h - 3 potions of lignification
 m - a potion of resistance
 p - a potion of heal wounds {unknown}
 t - a potion of flight {unknown}
Comestibles
 c - 2 bread rations
 f - a meat ration
 l - 4 chunks of flesh
 s - 4 fruits


   Skills:
 - Level 3.2 Fighting
 + Level 8.2 Maces & Flails
 - Level 2.1 Armour
 - Level 1.5 Dodging


You had 6 spell levels left.
You didn't know any spells.

Dungeon Overview and Level Annotations

Branches:
Dungeon (4/15)
 Temple: D:4-7

Altars:
Gozag
Hepliaklqana
Makhleb


Innate Abilities, Weirdness & Mutations

You are resistant to torment.
Your stone body is resilient. (AC +4)
You are immune to poison.
You resist negative energy. (rN+)
You are resistant to electric shocks. (rElec)
You can survive without breathing.
You are immune to petrification.
You are immune to rotting.


Message History

You sock the ogre!
The ogre is severely wounded.
You hit the ogre.
The ogre is almost dead.
The ogre hits you but does no damage.
Your chain mail prevents you from hitting the ogre.
The ogre is almost dead.
The ogre hits you with a giant club!
* * * LOW HITPOINT WARNING * * *
Your skin crawls.
You feel resistant to hostile enchantments.
You feel quite a bit more hungry. You block the ogre's attack.
Your shield and chain mail prevent you from hitting the ogre.
The ogre is almost dead.
The ogre hits you with a giant club!
* * * LOW HITPOINT WARNING * * *
You hit the ogre.
The ogre is almost dead.
The ogre hits you with a giant club!
You die...

#.........###.#
#.........#....
#...#####.#.#.#
#...# #.#.._. #...#
#.###.# #...#
#.#.... #...#
#.###.#
################.###
#.....#
...........OO@...#
###.###
.......#.#########
#.... #####..#.#
########.... ......#
#...........
.<...###
######'######.^..
..##.#.
#...........###### .
..#.
#...........######
##.#.
#................#
#............###.#


You could see 2 ogres.

Vanquished Creatures
  Blork the orc (D:4)
  A scorpion (D:4)
  A centaur zombie (D:4)
  A hound (D:4)
  2 orc priests
  2 orc wizards (D:4)
  4 worker ants (D:4)
  Terence (D:2)
  An iguana (D:4)
  3 adders
  An ooze (D:3)
  3 worms
  A dart slug (D:1)
  3 leopard geckos
  10 orcs (D:3)
  4 giant cockroaches
  9 goblins
  11 hobgoblins
  2 quokkas
  2 ball pythons (D:3)
  9 bats
  4 frilled lizards
  4 kobolds
  7 rats
87 creatures vanquished.

Vanquished Creatures (others)
  An orc (D:3)
1 creature vanquished.

Grand Total: 88 creatures vanquished

Notes
Turn   | Place    | Note
-------+----------+-------------------------------------------
     0 | D:1      | slacker the Gargoyle Berserker began the quest for the Orb.
     0 | D:1      | Reached XP level 1. HP: 14/14 MP: 1/1
   191 | D:1      | Reached XP level 2. HP: 18/19 MP: 2/2
   742 | D:1      | Reached skill level 4 in Maces & Flails
   813 | D:2      | Reached XP level 3. HP: 19/23 MP: 3/3
   891 | D:2      | Noticed Terence
   930 | D:2      | Killed Terence
   930 | D:2      | Reached XP level 4. HP: 17/28 MP: 4/4
  1192 | D:2      | Reached skill level 5 in Maces & Flails
  1196 | D:2      | Reached ** piety under Trog
  2147 | D:3      | Reached XP level 5. HP: 10/32 MP: 5/5
  2622 | D:3      | Reached skill level 6 in Maces & Flails
  2842 | D:3      | Found a hazy altar of Hepliaklqana.
  3000 | D:4      | Reached XP level 6. HP: 24/37 MP: 6/6
  3384 | D:4      | Reached skill level 7 in Maces & Flails
  3612 | D:4      | Noticed Blork the orc
  3623 | D:4      | Killed Blork the orc
  3623 | D:4      | Reached XP level 7. HP: 41/41 MP: 7/7
  3631 | D:4      | Reached skill level 8 in Maces & Flails
  3661 | D:4      | Found an opulent altar of Gozag.
  3740 | D:4      | Found a burning altar of Makhleb.
  3848 | D:4      | Slain by an ogre

Skill      XL: |  1  2  3  4  5  6  7 |
---------------+----------------------+-----
Maces & Flails | 4 5 6 7 8 |  8.2
Fighting       | |  3.2
Armour         | |  2.1
Dodging        | |  1.5

Action                   |  1- 3 |  4- 6 |  7- 9 || total
-------------------------+-------+-------+-------++-------
Melee: Mace              |    86 |   262 |    28 ||   376
Invok: Berserk           |     1 |     2 |       ||     3
       Trog's Hand       |       |     2 |     1 ||     3
  Use: Potion            |     1 |     2 |       ||     3
 Stab: Sleeping          |     1 |       |       ||     1
  Eat: Chunk             |       |     3 |     2 ||     5
       Bread ration      |       |     2 |       ||     2
Armor: Animal skin       |    10 |       |       ||    10
       Ring mail         |    28 |    72 |       ||   100
       Skin              |     7 |    10 |       ||    17
       Chain mail        |       |    23 |    13 ||    36
Dodge: Dodged            |    63 |    84 |     2 ||   149
Block: Shield            |       |   106 |     9 ||   115
       Reflection        |       |     4 |       ||     4
